 Seeded DCSS version 0.28-a0-631-g0446da8ef9 (webtiles) character file.

Game seed: 20211010 (custom seed)

18 a11behringer the Shield-Bearer (level 2, 0/24 HPs)
             Began as a Formicid Fighter on Oct 10, 2021.
             Slain by Sigmund (5 damage)
             ... on level 2 of the Dungeon.
             The game lasted 00:04:17 (1159 turns).

a11behringer the Shield-Bearer (Formicid Fighter)   Turns: 1159, Time: 00:04:18

Health: 0/24       AC:  8    Str: 20    XL:     2   Next: 90%
Magic:  2/2        EV:  9    Int:  7    God:
Gold:   69         SH:  0    Dex: 10    Spells: 1/1 levels left

rFire   . . .      SeeInvis +   e - +0 great sword
rCold   . . .      Faith    .   c - +0 buckler
rNeg    . . .      Spirit   .   b - +0 scale mail
rPois   .          Reflect  .   (helmet unavailable)
rElec   .          Harm     .   (no cloak)
rCorr   .          Rampage  .   (no gloves)
Will    .....                   n - +0 pair of boots
Stlth   ..........              (no amulet)
HPRegen 0.08/turn               (no ring)
MPRegen 0.08/turn               (no ring)

@: confused
A: permanent stasis, dig shafts and tunnels, antennae 3, four strong arms
a: Dig, Shaft Self


You were on level 2 of the Dungeon.
You visited 1 branch of the dungeon, and saw 2 of its levels.

You collected 69 gold pieces.

Inventory:

Hand Weapons
 a - a +0 long sword
 e - a +0 great sword (weapon)
Missiles
 i - 23 sling bullets
Armour
 b - a +0 scale mail (worn)
 c - a +0 buckler (worn)
 n - a +0 pair of boots (worn)
Scrolls
 f - a scroll of teleportation {unknown}
 g - a scroll of identify {unknown}
 k - a scroll of amnesia {unknown}
 l - a scroll of enchant armour {unknown}
Potions
 d - a potion of might
 h - a potion of invisibility {unknown}
 j - a potion of flight {unknown}
 m - 2 potions of curing {unknown}


   Skills:
 + Level 3.4 Fighting
 * Level 2.5 Long Blades
 + Level 3.5 Armour
 + Level 0.2 Dodging
 + Level 3.7 Shields


You had one spell level left.
You didn't know any spells.
Your spell library was empty.

Dungeon Overview and Level Annotations

Branches:
Dungeon (2/15)

Altars:
Dithmenos

Annotations:
D:2 Robin, Sigmund


Innate Abilities, Weirdness & Mutations

You cannot be hasted, slowed, berserked, paralysed or teleported.
You can dig through walls and to a lower floor.
You have a pair of large antennae on your head. (SInv)
Your four strong arms can wield two-handed weapons with a shield.


Message History

You closely miss Sigmund.
Robin shouts!
You hear a shout! x2
Sigmund barely misses you.
The goblin shouts!
You slice Sigmund!!
Sigmund is almost dead.
You hear a shout!
Sigmund gestures at you while chanting.
The magic dart hits you but does no damage.
Robin roars a battlecry!
The goblins go into a battle-frenzy!
You hit Sigmund.
Sigmund is almost dead.
A goblin comes into view. It is wielding a +0 dagger.
Sigmund flickers, as though insubstantial.
Sigmund points at you and mumbles some strange words.
You are confused.
Robin roars a battlecry!
The goblin goes into a battle-frenzy!
Sigmund casts a spell at you.
The magic dart hits you but does no damage.
Robin throws the goblin at you! The goblin hits you with a +0 club.
A hobgoblin comes into view.
A goblin comes into view. It is wielding a +0 dagger.
A goblin comes into view. It is wielding a +0 club.
Sigmund hits you with a +0 scythe. Robin throws the goblin at you!
The goblin hits you with a +0 club. The hobgoblin hits you.
The goblin hits you with a +0 dagger.
A hobgoblin comes into view.
The hobgoblin shouts!
You hear a shout!
The hobgoblin hits you.
* * * LOW HITPOINT WARNING * * *
The hobgoblin moves out of view.
You bump into the rock wall.
A hobgoblin comes into view.
The goblin hits you with a +0 dagger.
* * * LOW HITPOINT WARNING * * *
You bump into the rock wall.
Sigmund hits you from afar with a +0 scythe.
You die...

#. #. .. #.###.
..## #.... ... ##
#..###.# . ..##
#!<#...##.. ...##
#.........# ....#
#####...g...##
....#
##.....@.g####
....####..###.#g@#
.........##...gg##
.....#####....#g#
.).........#.<#.#
......###...{!#g#
.....## ###.###g#
..#.## ).. ... {
###># ..#. #g# ...
####. .#


You could see Sigmund (invisible), Robin, 4 hobgoblins and 4 goblins.

Vanquished Creatures
  3 dart slugs
  A bat (D:1)
  An endoplasm (D:1)
  A giant cockroach (D:1)
  A goblin (D:1)
  A ball python (D:1)
  A frilled lizard (D:1)
  2 kobolds
  2 rats (D:1)
13 creatures vanquished.

Vanquished Creatures (others)
  A fungus (D:1)
1 creature vanquished.

Grand Total: 14 creatures vanquished

Notes
Turn   | Place    | Note
-------+----------+-------------------------------------------
     0 | D:1      | a11behringer the Formicid Fighter began the quest for the
                  | Orb.
     0 | D:1      | Reached XP level 1. HP: 18/18 MP: 1/1
   344 | D:1      | Reached XP level 2. HP: 24/24 MP: 2/2
   395 | D:1      | You fall into a shaft and drop 1 floor!
   395 | D:2      | Found a shadowy altar of Dithmenos.
   420 | D:2      | Noticed Sigmund
   426 | D:2      | Noticed Robin
   677 | D:1      | Found a faded altar of an unknown god.
  1159 | D:2      | Slain by Sigmund

Illustrated notes

Levels and vault maps discovered:
D:1:      lightli_arrival_boilingwater, layout_loops_ring,
          shapermc_ecumenical_altar_hornbeckon
D:2:      layout_rooms, basic_altar, uniq_robin, uniq_sigmund

Action                   || total
-------------------------++-------
Melee: Great sword       ||    38
       Long sword        ||     5
 Abil: Dig               ||     3
Armor: Scale mail        ||    35
Dodge: Dodged            ||    30
Block: Buckler           ||     6

Table legend: (Time is in decaauts)
 A = Elapsed time spent in this place.
 B = Non-inter-level travel time spent in this place.
 C = Inter-level travel time spent in this place.
 D = Time resting spent in this place.
 E = Time spent auto-exploring this place.
 F = Levels seen in this place.
 G = Mean time per level.
                   A        B        C        D        E       F      G
               +--------+--------+--------+--------+--------+-----+--------+
         Total |   1203 |   1041 |    162 |      0 |    843 |   2 |  601.5 |
       Dungeon |   1203 |   1041 |    162 |      0 |    843 |   2 |  601.5 |
               +--------+--------+--------+--------+--------+-----+--------+

Top non-repeatable levels by time:
     D:1: 1146 daAuts
     D:2: 57 daAuts
